[Event "*** MasterClass Titled Tuesday Blitz"]
[Site "Chess.com"]
[Date "2017.10.03"]
[Round "2"]
[White "SergeiAza"]
[Black "TomsKantans"]
[Result "1/2-1/2"]
[WhiteElo "2692"]
[BlackElo "2414"]
[TimeControl "180+2"]
[EndTime "13:22:31 PDT"]
[Termination "Game drawn by repetition"]

1. e4 c5 2. Nf3 Nf6 3. e5 Nd5 4. Nc3 e6 5. Nxd5 exd5 6. d4 Nc6 7. dxc5 Bxc5 8. Bd3 d6 9. exd6 Qxd6 10. O-O O-O 11.
c3 h6 12. Re1 Bb6 13. Be3 Bc7 14. g3 Qf6 15. Be2 Bh3 16. Qxd5 Rad8 17. Qh5 Bc8 18.
Nd4 Ne5 19. Bf4 g5 20. Bxe5 Bxe5 21. Rad1 Bxd4 22. cxd4 Be6 23. Bf3 Bxa2 24. d5 Rd6 25. Rd2 Rfd8 26. Qg4 Bxd5 27. Bxd5 Rxd5 28. Rxd5 Rxd5 29.
Qc8+ Kg7 30. Qxb7 Rd2 31. Qxa7 Rxb2 32. Qe3 Ra2 33. Kg2 Qc6+ 34. Kg1 Qf6 35. Kg2 Qc6+ 36. Kg1 Qf6 37. Kg2 Qc6+ 1/2-1/2

[Event "*** MasterClass Titled Tuesday Blitz"]
[Site "Chess.com"]
[Date "2017.10.03"]
[Round "2"]
[White "peteseeger"]
[Black "HanSchut"]
[Result "0-1"]
[WhiteElo "2122"]
[BlackElo "2215"]
[TimeControl "180+2"]
[EndTime "13:22:33 PDT"]
[Termination "HanSchut won by checkmate"]

1. e4 c5 2. Nf3 d6 3. Bb5+ Nd7 4. O-O Nf6 5. Re1 a6 6. Bd3 b5 7. c4 bxc4 8. Bxc4 Bb7 9. d3 Nb6 10. Bb3 c4 11. Bxc4 Nxc4 12. Qa4+ Qd7 13. Qxc4 d5 14. exd5 Bxd5 15. Qf4 e6 16. Nc3 Bd6 17. Ne5 Qc7 18.
d4 O-O 19. Qh4 Bb7 20. Bg5 Nd5 21. Rac1 Bxe5 22. Nxd5 Bxh2+ 23. Kh1 Qd6 24. Ne7+ Kh8 25. Qxh2 Qxd4 26. Rc7 Rab8 27. b3 Qxf2 28. Rec1 Be4 29. Nc6 Rbc8 30. Bf4 Rxc7 31. Bxc7 Rc8 32. Qd6 Qxg2# 0-1

[Event "*** MasterClass Titled Tuesday Blitz"]
[Site "Chess.com"]
[Date "2017.10.03"]
[Round "2"]
[White "iusegine"]
[Black "SantoBlue"]
[Result "0-1"]
[WhiteElo "2298"]
[BlackElo "2550"]
[TimeControl "180+2"]
[EndTime "13:22:35 PDT"]
[Termination "SantoBlue won by resignation"]

1. d4 Nf6 2. c4 e6 3. Nf3 b6 4. e3 Bb7 5. Nc3 Be7 6. Bd3 O-O 7. e4 d5 8. cxd5 exd5 9. e5 Ne4 10.
Qc2 Bb4 11. O-O Bxc3 12. bxc3 c5 13. Nd2 f5 14. exf6 Nxf6 15. dxc5 bxc5 16. Rb1 Bc6 17.
c4 d4 18. Nb3 Nbd7 19. Ba3 Nh5 20. Bxh7+ Kh8 21. Be4 Bxe4 22. Qxe4 Qg5 23. Qd5 Ne5 24. Bc1 Qf5 25. Bd2 Rad8 26. Qxc5 Rfe8 27. Rbe1 Nf6 28. Nxd4 Nf3+ 0-1

[Event "*** MasterClass Titled Tuesday Blitz"]
[Site "Chess.com"]
[Date "2017.10.03"]
[Round "2"]
[White "LawrenceTrent"]
[Black "Hanging_pointer"]
[Result "0-1"]
[WhiteElo "2371"]
[BlackElo "2289"]
[TimeControl "180+2"]
[EndTime "13:22:44 PDT"]
[Termination "Hanging_pointer won by resignation"]

1. e4 c5 2. Nf3 d6 3. Bb5+ Bd7 4. Bxd7+ Qxd7 5. O-O Nf6 6. Re1 e6 7. c3 Nc6 8. d4 cxd4 9. cxd4 d5 10. e5 Ne4 11.
a3 Be7 12. Nbd2 Nxd2 13. Bxd2 O-O 14. Rc1 Rac8 15. Rc3 Bd8 16. Rd3 Na5 17. b3 Qb5 18. Bb4 Re8 19. h4 h6 20. Ree3 Be7 21. Bxe7 Rxe7 22.
Nh2 Rec7 23. Qg4 Rc1+ 24. Nf1 Rxf1+ 25. Kxf1 Rc1+ 26. Ke2 Nxb3 27. Kf3 Na5 28. Kf4 Nc4 29. Rg3 g6 30. Qe2 Qb1 31. Rgf3 Re1 32. Rb3 Qf5+ 33.
Kg3 Rxe2 34. Rxf5 gxf5 35. Rxb7 a5 0-1

[Event "*** MasterClass Titled Tuesday Blitz"]
[Site "Chess.com"]
[Date "2017.10.03"]
[Round "2"]
[White "JosephRyan"]
[Black "GulamaliRises"]
[Result "1-0"]
[WhiteElo "2232"]
[BlackElo "2328"]
[TimeControl "180+2"]
[EndTime "13:22:47 PDT"]
[Termination "JosephRyan won on time"]

1. e4 c5 2. Nf3 e6 3. Nc3 a6 4. g3 Nc6 5. Bg2 Nf6 6. O-O Be7 7. d4 cxd4 8. Nxd4 Qc7 9. Re1 d6 10. Nxc6 bxc6 11. e5 dxe5 12. Rxe5 O-O 13. Bf4 Bd6 14.
Rxe6 Bxf4 15. Rxc6 Qa5 16. Rxf6 Be5 17. Bxa8 Bxf6 18.
Bg2 Bxc3 19. bxc3 Qxc3 20. Rc1 Be6 21. a3 h6 22. Qd3 Qb2 23. Rd1 a5 24. c4 Rb8 25.
Be4 g5 26. c5 Kg7 27. c6 Rb3 28. Qd2 Qxd2 29. Rxd2 1-0

[Event "*** MasterClass Titled Tuesday Blitz"]
[Site "Chess.com"]
[Date "2017.10.03"]
[Round "2"]
[White "ChessQueen"]
[Black "pastouche06"]
[Result "1/2-1/2"]
[WhiteElo "2583"]
[BlackElo "2292"]
[TimeControl "180+2"]
[EndTime "13:22:51 PDT"]
[Termination "Game drawn by repetition"]

1. e4 c5 2. Nf3 Nc6 3. d4 cxd4 4. Nxd4 g6 5. c4 Nf6 6. Nc3 Nxd4 7. Qxd4 d6 8. Bg5 Bg7 9. Be2 O-O 10. Qe3 Be6 11.
O-O Qb6 12. Qd2 Rfc8 13. b3 a6 14. Rac1 Qa5 15. a4 Rab8 16. Qe3 Kf8 17. Kh1 Nd7 18. f4 Qc5 19. Qg3 f6 20. Bh4 Bf7 21. Qd3 Kg8 22.
Bf2 Qc6 23. Nd5 Re8 24. a5 Nc5 25. Qf3 e6 26. Bxc5 dxc5 27. Nb6 Rbd8 28. Rfd1 Bf8 29. Qe3 Qc7 30. e5 Bh6 31. Rxd8 Rxd8 32. Rf1 fxe5 33.
Qxe5 Qxe5 34. fxe5 Bd2 35. Na4 Bb4 36. Bf3 Rd7 37.
Nb6 Rc7 38. Na8 Rd7 39. Nb6 Rc7 40. Na8 Rd7 41. Nb6 Rc7 1/2-1/2

[Event "*** MasterClass Titled Tuesday Blitz"]
[Site "Chess.com"]
[Date "2017.10.03"]
[Round "2"]
[White "PrinceMurad09"]
[Black "chessking2151"]
[Result "0-1"]
[WhiteElo "2323"]
[BlackElo "2366"]
[TimeControl "180+2"]
[EndTime "13:22:51 PDT"]
[Termination "chessking2151 won by resignation"]

1. e4 e5 2. Nf3 Nc6 3. Bb5 a6 4. Bxc6 dxc6 5. O-O f6 6. d3 Bd6 7. a4 Ne7 8. b3 O-O 9. Bb2 c5 10. Nbd2 Be6 11. Qe2 Nc6 12. Nc4 Nd4 13. Nxd4 cxd4 14. Nxd6 Qxd6 15. Kh1 c5 16. a5 Rfb8 17. Bc1 b5 18.
axb6 Rxb6 19. Bd2 Rb5 20. f4 Bd7 21. Qf2 a5 22. Qg3 a4 23. fxe5 Qxe5 24. Bf4 Qe6 25.
Bh6 Qg4 26. Qd6 Rc8 27. Rxa4 Rb7 28. Bf4 Bxa4 29. Qd5+ Rf7 30. bxa4 Qd7 31. Qc4 Ra8 32. Ra1 g5 33. Bg3 Ra5 34. Be1 Ra8 35. Qxc5 Rc8 36.
Qxd4 Qxd4 0-1

[Event "*** MasterClass Titled Tuesday Blitz"]
[Site "Chess.com"]
[Date "2017.10.03"]
[Round "2"]
[White "Kirill_Klukin"]
[Black "Cayse"]
[Result "0-1"]
[WhiteElo "2497"]
[BlackElo "2659"]
[TimeControl "180+2"]
[EndTime "13:22:52 PDT"]
[Termination "Cayse won by resignation"]

1. Nf3 d5 2. d4 Nf6 3. c4 e6 4. Nc3 Nbd7 5. Bg5 h6 6. Bh4 Be7 7. e3 O-O 8. Qc2 c5 9. cxd5 Nxd5 10.
Bxe7 Qxe7 11. Nxd5 exd5 12. dxc5 Nxc5 13. Be2 Bg4 14.
Nd4 Bd7 15. O-O Rac8 16. Rfd1 a6 17. Rac1 Rfd8 18. Bf3 Ne4 19. Qb3 Rxc1 20. Rxc1 Nd2 21. Qxb7 Nxf3+ 22. Nxf3 Qd6 23. Qc7 Qf6 24. Ne5 Be6 25.
Nd3 d4 26. e4 Rc8 27. Qb6 Rxc1+ 28. Nxc1 Qf4 29. Qd8+ Kh7 30. Ne2 Qxe4 31. Qxd4 Qb1+ 0-1

[Event "*** MasterClass Titled Tuesday Blitz"]
[Site "Chess.com"]
[Date "2017.10.03"]
[Round "2"]
[White "Tesla37"]
[Black "NTBT_DHS"]
[Result "1-0"]
[WhiteElo "2663"]
[BlackElo "2499"]
[TimeControl "180+2"]
[EndTime "13:22:55 PDT"]
[Termination "Tesla37 won by resignation"]

1. e4 g6 2. d4 Bg7 3. Nc3 a6 4. h4 h5 5. Bg5 Nf6 6. e5 Nh7 7. Be3 d6 8. f4 dxe5 9. dxe5 O-O 10. Bd3 Bg4 11. Nf3 Nc6 12. Be4 Na5 13. Qe2 Qc8 14. O-O-O Rd8 15. Rxd8+ Qxd8 16. Rd1 Qc8 17. Nd5 Nc6 18. Qc4 Bf8 19. Bxg6 Bxf3 20. gxf3 Qe6 21. Rg1 fxg6 22. Rxg6+ Qxg6 23. Nxe7+ Kg7 24. Nxg6 Kxg6 25.
Qe6+ Kg7 26. f5 Kh8 27. f6 Rd8 28. f4 Bh6 29. c3 Rg8 30. f7 Rf8 31. Qxh6 Rxf7 32.
Qxh5 Kg8 33. e6 Rf6 34. f5 Ne7 35. Qe8+ Nf8 36. Qxe7 Rxf5 37. Bd4 1-0

[Event "*** MasterClass Titled Tuesday Blitz"]
[Site "Chess.com"]
[Date "2017.10.03"]
[Round "2"]
[White "swayamsm"]
[Black "fastestmindalive"]
[Result "1-0"]
[WhiteElo "2492"]
[BlackElo "2586"]
[TimeControl "180+2"]
[EndTime "13:22:55 PDT"]
[Termination "swayamsm won by resignation"]

1. d4 Nf6 2. Nf3 e6 3. Bf4 c5 4. c3 cxd4 5. cxd4 b5 6. e3 a6 7.
Nbd2 Bb7 8. a4 b4 9. a5 d5 10. Ne5 Be7 11. Qa4+ Nbd7 12. Bd3 O-O 13. Nc6 Bxc6 14.
Qxc6 Nh5 15. Bc7 Qc8 16. O-O Ra7 17. Rfc1 Bc5 18. dxc5 Rxc7 19. Qxa6 Nxc5 20. Qxc8 Rfxc8 21. Be2 Nf6 22. a6 Nfd7 23. a7 Ra8 24. Nb3 Kf8 25.
Bb5 Raxa7 26. Rxa7 Rxa7 27. Nxc5 Nxc5 28. Rxc5 Ra2 29.
Rc2 b3 30. Rd2 Ke7 31. f4 Kd6 32. Kf2 Kc5 33. Be2 f6 34. Bd1 Kc4 35. Ke1 Ra1 36.
Rd4+ Kc5 37. Rd3 Kb4 1-0

[Event "*** MasterClass Titled Tuesday Blitz"]
[Site "Chess.com"]
[Date "2017.10.03"]
[Round "2"]
[White "shepi13"]
[Black "XiaoKangZhong"]
[Result "1-0"]
[WhiteElo "2007"]
[BlackElo "1983"]
[TimeControl "180+2"]
[EndTime "13:22:55 PDT"]
[Termination "shepi13 won by checkmate"]

1. d4 Nf6 2. c4 g6 3. Nf3 Bg7 4. Nc3 d5 5. cxd5 Nxd5 6. e4 Nxc3 7. bxc3 c5 8. Rb1 O-O 9. Be2 Nc6 10. d5 Bxc3+ 11. Bd2 Bxd2+ 12. Qxd2 Nd4 13. Nxd4 cxd4 14. Qxd4 Qa5+ 15. Qd2 Qxd2+ 16. Kxd2 Rd8 17. Ke3 b6 18. Rbc1 Kf8 19. Rc7 Rd7 20. Rhc1 Rxc7 21. Rxc7 Ke8 22. e5 a5 23. Bb5+ Kf8 24. d6 exd6 25. exd6 Be6 26. a4 Rd8 27. Rc6 Rb8 28. Kd4 f6 29. Rc7 Rd8 30.
Rc6 Rb8 31. Bc4 Bxc4 32. Kxc4 Ke8 33. Kb5 Kd7 34. Rxb6 Rxb6+ 35. Kxb6 Kxd6 36. Kxa5 Kc5 37. Ka6 Kc6 38. a5 h6 39. g4 f5 40. gxf5 gxf5 41.
f4 h5 42. h4 Kc7 43. Kb5 Kb7 44. Kc5 Ka6 45. Kd5 Kxa5 46. Ke5 Kb5 47. Kxf5 Kc5 48. Kg6 Kd5 49. f5 Ke5 50. f6 Kf4 51. f7 Kg4 52. f8=Q Kxh4 53. Qf4+ Kh3 54. Kxh5 Kg2 55. Kg4 Kh1 56.
Qd2 Kg1 57. Kg3 Kf1 58. Qd1# 1-0

[Event "*** MasterClass Titled Tuesday Blitz"]
[Site "Chess.com"]
[Date "2017.10.03"]
[Round "2"]
[White "Ar4uha"]
[Black "Masterbeaterr"]
[Result "0-1"]
[WhiteElo "2448"]
[BlackElo "2291"]
[TimeControl "180+2"]
[EndTime "13:23:01 PDT"]
[Termination "Masterbeaterr won by checkmate"]

1. e4 g6 2. d4 Bg7 3. Nc3 c6 4. Nf3 d5 5. h3 Nf6 6. e5 Ne4 7. Nxe4 dxe4 8. Ng5 c5 9. Bc4 O-O 10. Nxe4 cxd4 11. f4 Nc6 12. O-O Qb6 13. Kh1 Na5 14.
Bd3 Be6 15. Qe2 Rac8 16. b3 Nc6 17. a3 Bd5 18. Bd2 e6 19. Qf2 Rfd8 20. Nf6+ Kh8 21. Qh4 Bxf6 22. exf6 Qc5 23. f5 exf5 24. Rxf5 gxf5 25.
Bh6 Rg8 26. Bg7+ Rxg7 27. fxg7+ Kg8 28. Qg5 Be6 29. Re1 Ne5 30. Bxf5 Ng6 31. Rf1 Bxf5 32.
Rxf5 Qxc2 33. Qf6 Qc1+ 34. Rf1 Qc7 35. h4 Qe7 36. h5 Qxf6 37. Rxf6 Ne5 38. Rd6 d3 39. h6 Ng4 40. g3 Nxh6 41. Rxd3 Nf5 42. Rd7 Nxg3+ 43. Kg2 Nf5 44. Rxb7 Ra8 45. b4 Kxg7 46.
a4 Kf6 47. a5 Nd6 48. Rc7 Ke6 49. Kf3 h5 50. Kg3 Rb8 51. Rxa7 Rxb4 52. Ra8 Nf5+ 53. Kf3 Ke5 54. Re8+ Kf6 55. a6 Ra4 56. Ra8 h4 57. a7 h3 58. Kf2 Ra2+ 59. Kg1 h2+ 60. Kh1 Ng3# 0-1

[Event "*** MasterClass Titled Tuesday Blitz"]
[Site "Chess.com"]
[Date "2017.10.03"]
[Round "2"]
[White "51616516516"]
[Black "pawnwonder"]
[Result "1-0"]
[WhiteElo "2045"]
[BlackElo "1965"]
[TimeControl "180+2"]
[EndTime "13:23:02 PDT"]
[Termination "51616516516 won by resignation"]

1. d4 Nf6 2. c4 g6 3. Nf3 Bg7 4. g3 O-O 5. Bg2 d6 6. O-O c5 7.
Nc3 Nc6 8. dxc5 dxc5 9. Be3 Be6 10.
Qa4 Nd7 11. Rfd1 Qc7 12. Ng5 Nb6 13. Nxe6 fxe6 14. Qb5 Nd4 15. Bxd4 cxd4 16. Ne4 Qxc4 17. Qxc4 Nxc4 18. Nc5 Nd6 19. Nxe6 Rfc8 20. Nxg7 Kxg7 21. Rxd4 Rc2 22. Rb4 Rxe2 23. Rc1 Rb8 24. Rc7 Re1+ 25. Bf1 Kf7 26. Kg2 a6 27. Bxa6 b5 28. a4 Ra8 29.
Bxb5 Nxb5 30. axb5 Rb8 31. b6 Re6 32. b7 Rd6 33. Rc8 Rd8 34. Rxd8 Rxd8 35. b8=Q Rxb8 1-0

[Event "*** MasterClass Titled Tuesday Blitz"]
[Site "Chess.com"]
[Date "2017.10.03"]
[Round "2"]
[White "lukas_111111"]
[Black "Kawhi_Leonard2"]
[Result "1-0"]
[WhiteElo "2345"]
[BlackElo "2232"]
[TimeControl "180+2"]
[EndTime "13:23:05 PDT"]
[Termination "lukas_111111 won by resignation"]

1. d4 Nf6 2. c4 c5 3. d5 e6 4.
Nc3 exd5 5. cxd5 d6 6. Nf3 g6 7. Bf4 Bg7 8. e3 O-O 9. h3 Na6 10. Be2 Nc7 11. O-O a6 12. a4 Rb8 13. a5 b5 14. axb6 Rxb6 15. Ra2 Nb5 16. Na4 Rb7 17. Bc4 Re8 18. Nd2 Ne4 19. Nxe4 Rxe4 20. b3 f5 21. Re2 g5 22. Bh2 Qf6 23. f3 Re8 24.
f4 g4 25. hxg4 fxg4 26. e4 Qd4+ 27. Qxd4 Nxd4 28. Ree1 Nxb3 29. Bxa6 Rb4 30. Bxc8 Rxc8 31. f5 Bd4+ 32. Kh1 Rxa4 33. Bxd6 Ra6 34. e5 Nd2 35. Rf4 h5 36. f6 Rxd6 37. f7+ Kf8 38.
exd6 Rd8 39. d7 1-0

[Event "*** MasterClass Titled Tuesday Blitz"]
[Site "Chess.com"]
[Date "2017.10.03"]
[Round "2"]
[White "BogdanDeac"]
[Black "Zufi1811"]
[Result "1-0"]
[WhiteElo "2638"]
[BlackElo "2412"]
[TimeControl "180+2"]
[EndTime "13:23:05 PDT"]
[Termination "BogdanDeac won on time"]

1. d4 Nf6 2. g3 e6 3. Bg2 d5 4. c4 Bb4+ 5. Bd2 Be7 6. Nf3 c6 7. b3 Nbd7 8. Nc3 O-O 9. Qc2 b6 10. e4 Bb7 11. e5 Ne8 12. O-O Rc8 13. Rfe1 Nc7 14. h4 h6 15. Rad1 c5 16. Bf4 dxc4 17. bxc4 cxd4 18. Nxd4 Bxg2 19. Kxg2 Qe8 20. Nc6 Nc5 21.
Nxa7 Ra8 22. Nab5 Nxb5 23. cxb5 Ra3 24. Bc1 Ra5 25. Qe2 Qa8+ 26. Qf3 Rc8 27. Qxa8 Raxa8 28. Rd4 Nb3 29. axb3 Rxc3 30. b4 Rb3 31. Bd2 Ra2 32. Ree4 h5 33. Rd7 Bf8 34. Rd8 Rbb2 35. Be3 1-0

[Event "*** MasterClass Titled Tuesday Blitz"]
[Site "Chess.com"]
[Date "2017.10.03"]
[Round "2"]
[White "JammyDodger91"]
[Black "tomsishere"]
[Result "0-1"]
[WhiteElo "2403"]
[BlackElo "2297"]
[TimeControl "180+2"]
[EndTime "13:23:10 PDT"]
[Termination "tomsishere won by resignation"]

1. e4 c5 2. d4 cxd4 3. c3 Nf6 4. e5 Nd5 5. Nf3 e6 6. cxd4 d6 7. a3 Bd7 8. Bd3 Bc6 9. O-O Nd7 10. Nbd2 Be7 11. b4 a6 12. Bb2 Rc8 13. Re1 O-O 14. Bc2 dxe5 15. dxe5 a5 16. bxa5 Nc5 17. Nc4 Nf4 18. Nd6 Bxd6 19. exd6 Qxa5 20. Qd4 Nh5 21. Ne5 f6 22. Nc4 Qa7 23. Qh4 g6 24. Bd4 Bd5 25.
Ne3 b6 26. Nxd5 exd5 27. Re7 Nd7 28. Qg4 Rxc2 29. Qe6+ Kh8 30. Rxd7 Qxa3 31. Rf1 Rc1 32. Rc7 Rxf1+ 33. Kxf1 Qd3+ 34. Ke1 Qxd4 35. Qe7 Qe5+ 36. Qxe5 fxe5 37. d7 Nf6 0-1

[Event "*** MasterClass Titled Tuesday Blitz"]
[Site "Chess.com"]
[Date "2017.10.03"]
[Round "2"]
[White "BillieKimbah"]
[Black "Kouzari"]
[Result "1-0"]
[WhiteElo "2679"]
[BlackElo "2542"]
[TimeControl "180+2"]
[EndTime "13:23:14 PDT"]
[Termination "BillieKimbah won by resignation"]

1. d4 Nf6 2. Nf3 e6 3. c4 c5 4. e3 Be7 5. Nc3 O-O 6. d5 exd5 7. cxd5 d6 8. Be2 a6 9. a4 Re8 10. O-O Nbd7 11. Nd2 Bf8 12. a5 Ne5 13. h3 g5 14.
Na4 Bf5 15. Nb6 Rb8 16. Ra4 Nfd7 17. Nbc4 Nxc4 18. Nxc4 Nf6 19. Bd2 Nxd5 20. Bf3 Nf6 21. Nb6 Bg7 22. Bc3 Bg6 23. Nc4 Re6 24. Nb6 Nd7 25.
Bg4 Nxb6 26. axb6 Bxc3 27. Bxe6 Bxb2 28. Qb3 Be5 29. Bd5 Kg7 30. f4 gxf4 31. exf4 Bd4+ 32. Rxd4 cxd4 33. f5 Bh5 34. g4 Rc8 35. Qd3 Qxb6 36. gxh5 Rc3 37. f6+ Kh8 38. Qe4 d3+ 39. Kh1 Qd8 40. Qe7 1-0

[Event "*** MasterClass Titled Tuesday Blitz"]
[Site "Chess.com"]
[Date "2017.10.03"]
[Round "2"]
[White "pandamaster3000"]
[Black "Hrant_ChessMood"]
[Result "0-1"]
[WhiteElo "2146"]
[BlackElo "2750"]
[TimeControl "180+2"]
[EndTime "13:23:17 PDT"]
[Termination "Hrant_ChessMood won by resignation"]

1. e4 g6 2. Nc3 Bg7 3. g3 e5 4.
Bg2 Ne7 5. Nge2 O-O 6. O-O d6 7. d4 exd4 8. Nxd4 Nbc6 9. Be3 Re8 10. Re1 Bd7 11. Qd2 Ne5 12. Qe2 N7c6 13. Rad1 Ng4 14. Nxc6 bxc6 15. Bd4 Ne5 16. h3 c5 17. Be3 Rb8 18. Rb1 Nc6 19. Qd2 Nd4 20. Kh2 Qc8 21. Qd1 Be6 22. Nd5 Bxd5 23. exd5 Nf5 24. c3 Nxe3 25.
Rxe3 Rxe3 26. fxe3 Be5 27. Qf3 Qd8 28. Rf1 Qe7 29. Rf2 h5 30. h4 Qxh4+ 31. Bh3 Qe7 32.
Kg2 Kg7 33. e4 Rh8 34. b3 h4 35. g4 Rf8 36. c4 Qg5 37. Rf1 f6 38. Qe2 Re8 39.
Qf3 Bd4 40. Qd3 Qe5 41. Re1 Qf4 42. Qf3 Qg5 43. Re2 a5 44. Qf1 a4 45. bxa4 Ra8 46.
Qd1 Qf4 47. Qb3 Rxa4 48. Qf3 Qxf3+ 49. Kxf3 Ra3+ 50. Kg2 Rg3+ 51. Kh2 Bg1+ 52. Kh1 Bd4 53. Kh2 Be5 54. Rg2 Rf3+ 55. Kh1 Rxh3+ 0-1

[Event "*** MasterClass Titled Tuesday Blitz"]
[Site "Chess.com"]
[Date "2017.10.03"]
[Round "2"]
[White "Jospem"]
[Black "gmcorrales"]
[Result "1-0"]
[WhiteElo "2559"]
[BlackElo "2647"]
[TimeControl "180+2"]
[EndTime "13:23:29 PDT"]
[Termination "Jospem won by checkmate"]

1. e4 c5 2. Nf3 d6 3. d4 cxd4 4. Nxd4 Nf6 5. Nc3 Nc6 6. Bg5 Bd7 7. Qd2 Rc8 8. O-O-O Nxd4 9. Qxd4 Qa5 10. Bd2 a6 11.
Kb1 Qc5 12. Qxc5 Rxc5 13. f3 e6 14. g4 h6 15. h4 Be7 16. Bd3 Rc8 17. Rhg1 Bc6 18.
g5 hxg5 19. hxg5 Nd7 20. g6 b5 21. a3 f6 22. Rh1 Rxh1 23. Rxh1 Ne5 24. Be2 Nxg6 25. f4 Kd7 26. Rg1 Nh4 27. Rxg7 Rh8 28. Be1 Ke8 29. Bf2 f5 30. Bd4 Rh6 31. Rg8+ Kd7 32. e5 Rg6 33. Rh8 Ng2 34. Bh5 Rg3 35.
Bb6 dxe5 36. fxe5 Bg5 37. Be8+ Ke7 38. Bc5+ Kd8 39. Bxc6+ Kc7 40. Ba8 Ne3 41. Bd6+ Kb6 42. Rb8+ Ka7 43. Bc6 Nc4 44. Rb7+ Ka8 45. Rg7# 1-0

[Event "*** MasterClass Titled Tuesday Blitz"]
[Site "Chess.com"]
[Date "2017.10.03"]
[Round "2"]
[White "Induwara_IM"]
[Black "tigra"]
[Result "0-1"]
[WhiteElo "2488"]
[BlackElo "2642"]
[TimeControl "180+2"]
[EndTime "13:23:29 PDT"]
[Termination "tigra won by resignation"]

1. d4 Nf6 2. c4 g6 3. Nc3 d5 4. Bg5 Ne4 5. Bh4 Nxc3 6. bxc3 dxc4 7. e3 Be6 8. Be2 Nd7 9. Nh3 f6 10. O-O Nb6 11. e4 Bf7 12. f4 a5 13. Rb1 a4 14.
d5 Bg7 15. f5 Bh6 16. Bf2 Qd6 17. Bd4 O-O 18. fxg6 hxg6 19. Nf2 a3 20. Qe1 e5 21. dxe6 Bxe6 22. Ng4 Bxg4 23. Bxg4 Rae8 24. Bd1 Bf4 25. Qh4 Be5 26. Qh6 Bxd4+ 27. cxd4 Qxd4+ 28. Kh1 Re7 29. Qxg6+ Rg7 30. Qf5 Qe5 31. Qf3 Rd8 32. Be2 Rd2 33.
h3 Kh8 34. Qh5+ Qxh5 35. Bxh5 Rgxg2 36. Rxf6 Rh2+ 37. Kg1 Rdg2+ 38. Kf1 Rxa2 39. Bf3 Rab2 40. Re1 a2 41. Rd1 Rb1 42. Kg1 Rd2 0-1

[Event "*** MasterClass Titled Tuesday Blitz"]
[Site "Chess.com"]
[Date "2017.10.03"]
[Round "2"]
[White "josiwales"]
[Black "DiogenesSinopeus"]
[Result "1-0"]
[WhiteElo "2338"]
[BlackElo "2372"]
[TimeControl "180+2"]
[EndTime "13:23:32 PDT"]
[Termination "josiwales won by resignation"]

1. e4 e5 2. Nf3 Nc6 3. Bc4 Nf6 4. Ng5 d5 5. exd5 Na5 6. Bb5+ c6 7. dxc6 bxc6 8. Bd3 Nd5 9. Nf3 Bd6 10. O-O O-O 11.
a3 f5 12. c4 Nf4 13. Bc2 e4 14. Nd4 Qg5 15. g3 c5 16. h4 Qg6 17. Nb5 Be5 18.
N1c3 Nxc4 19. Bb3 Be6 20. d4 cxd4 21. Bxf4 Bxf4 22. Nxd4 Bf7 23. Nce2 Be5 24. Rc1 Nxb2 25. Bxf7+ Qxf7 26. Qc2 Nd3 27. Rb1 Rac8 28. Qa4 f4 29. Nc6 Qd7 30. Qc4+ Kh8 31. Nxe5 Nxe5 32. Qxe4 Rce8 33.
Nxf4 Qg4 34. Rb3 a5 35. Re3 Kg8 36. Qd5+ Kh8 37. Rxe5 Qxf4 38. gxf4 1-0

[Event "*** MasterClass Titled Tuesday Blitz"]
[Site "Chess.com"]
[Date "2017.10.03"]
[Round "2"]
[White "Laico"]
[Black "motivated_bishop"]
[Result "1-0"]
[WhiteElo "2123"]
[BlackElo "2151"]
[TimeControl "180+2"]
[EndTime "13:23:33 PDT"]
[Termination "Laico won by resignation"]

1. e4 e5 2. Nc3 Nf6 3. f4 d5 4. fxe5 Nxe4 5. Qf3 Nxc3 6. dxc3 c5 7. Bf4 Nc6 8.
O-O-O Be6 9. Bc4 d4 10. Bxe6 fxe6 11. Kb1 Qb6 12. Ne2 O-O-O 13. Qg4 Na5 14. cxd4 Nc4 15.
b3 cxd4 16. Bg5 Na3+ 17. Kb2 Nb5 18. Bxd8 Ba3+ 19. Ka1 Rxd8 20. Nf4 Qc5 21. Qxe6+ Kb8 22. Qc4 Bb2+ 23. Kxb2 Qa3+ 24. Ka1 Nc3 25. Qxc3 dxc3 26. Rxd8+ Kc7 27. Ne6+ Kc6 28. Rd6+ Kb5 29. Rb1 Qb4 30. Nc7+ Kc5 31. Rbd1 Qa3 32. R1d5+ Kb4 33. Rd4+ Ka5 34. Ra4+ Qxa4 35. bxa4 Kxa4 36. Nd5 1-0

[Event "*** MasterClass Titled Tuesday Blitz"]
[Site "Chess.com"]
[Date "2017.10.03"]
[Round "2"]
[White "biostatistician"]
[Black "XeresLt"]
[Result "1-0"]
[WhiteElo "2408"]
[BlackElo "2265"]
[TimeControl "180+2"]
[EndTime "13:23:36 PDT"]
[Termination "biostatistician won by resignation"]

1. d4 Nf6 2. Nf3 g6 3. c4 Bg7 4.
Nc3 O-O 5. e4 d6 6. Be2 e5 7. dxe5 dxe5 8. Qxd8 Rxd8 9. Bg5 Re8 10. Nd5 Nxd5 11. cxd5 c6 12. Bc4 b5 13. Bb3 Bb7 14.
Rc1 h6 15. Be3 a5 16. a4 cxd5 17. Rc7 Bc6 18. axb5 a4 19. Ba2 a3 20. bxc6 axb2 21.
Bb1 dxe4 22. Nd2 f5 23. O-O Ra6 24. Rb7 Nxc6 25. Rxb2 Nd4 26. Ba2+ Kh7 27. Bc4 Ra7 28. Rfb1 f4 29. Bxd4 exd4 30. Rb7 Rxb7 31. Rxb7 e3 32. fxe3 fxe3 33. Nf3 Rc8 34. Bf1 Rc1 35. Nxd4 Kg8 36. Ne2 Rc5 37. Re7 Be5 38. g3 Kf8 39. Rb7 g5 40.
Rb3 Bc7 41. Rxe3 Bb6 42. Rf3+ Rf5+ 43. Kg2 Rxf3 44. Kxf3 Kg7 45. Nc3 h5 46. Ke4 g4 47.
Kf5 Kh6 48. Ne2 Bg1 49. Nxg1 1-0

[Event "*** MasterClass Titled Tuesday Blitz"]
[Site "Chess.com"]
[Date "2017.10.03"]
[Round "2"]
[White "PenguinPacks"]
[Black "Carolina-moon"]
[Result "1-0"]
[WhiteElo "2177"]
[BlackElo "2051"]
[TimeControl "180+2"]
[EndTime "13:23:40 PDT"]
[Termination "PenguinPacks won by checkmate"]

1. e4 c5 2. Nf3 d6 3. d4 Nf6 4. Nc3 cxd4 5. Nxd4 a6 6. a4 e5 7. Nf3 Be7 8. Bg5 Be6 9. Be2 Nbd7 10. O-O O-O 11.
Re1 Rc8 12. Nd2 h6 13. Bh4 d5 14. Nxd5 Nxd5 15. exd5 Bxh4 16. dxe6 fxe6 17. Bf3 Qb6 18. g3 Be7 19. b3 Bb4 20. Re2 Nc5 21. Nc4 Qa7 22.
Nxe5 Bc3 23. Rb1 Qb6 24. Bg2 Bxe5 25. Rxe5 Rcd8 26. Qe2 Nd7 27. Rxe6 Qc7 28. Bd5 Kh8 29. Bc4 Nf6 30. Bd3 Rfe8 31. Re1 Rxe6 32. Qxe6 Qc3 33. Kg2 b6 34. Re2 b5 35. axb5 axb5 36. Bxb5 Qc5 37. Bd3 Qb4 38. Qf5 Qb7+ 39. Qf3 Qc7 40. Re6 Rf8 41. Qf5 Qb7+ 42. f3 Nh7 43. Qxh7# 1-0

[Event "*** MasterClass Titled Tuesday Blitz"]
[Site "Chess.com"]
[Date "2017.10.03"]
[Round "2"]
[White "pKiLz5Rn9b"]
[Black "GeorgMeier"]
[Result "0-1"]
[WhiteElo "2526"]
[BlackElo "2790"]
[TimeControl "180+2"]
[EndTime "13:23:41 PDT"]
[Termination "GeorgMeier won by resignation"]

1. Nf3 d5 2. b3 Bg4 3. Bb2 e6 4. g3 Nf6 5. Bg2 Be7 6. O-O O-O 7. h3 Bh5 8. d3 c5 9. Nbd2 Nc6 10. e4 Qc7 11. Qe1 Rfd8 12. a3 Rac8 13. Nh4 dxe4 14. dxe4 Nd7 15. Nhf3 b5 16. Rc1 a6 17. Qe3 h6 18. e5 Nb6 19. Rfe1 c4 20. Ne4 Nd5 21. Qe2 c3 22. Ba1 Bxa3 23. Rcd1 Nxe5 24.
g4 Nxf3+ 25. Bxf3 Bg6 26. Qf1 Bb2 27. h4 Qf4 28. Qg2 Nb4 29. h5 Bh7 30. g5 hxg5 31. Nxg5 Bxc2 32. Rxd8+ Rxd8 33. h6 Bg6 34. Nxe6 fxe6 35.
Qxg6 Qf6 36. Qg4 Bxa1 37. Rxe6 Qf7 38. h7+ Kh8 39. Re1 Bb2 40. Qg5 Rf8 0-1